 Dungeon Crawl Stone Soup version 0.27.0-1-g7a089689b8 (webtiles) character file.

Game seed: 13059394522453457684

37751 wakim the Frost Mage (level 13, 0/76 HPs)
             Began as a Deep Elf Ice Elementalist on Aug 2, 2021.
             Was an Elder of Vehumet.
             Slain by a seven-headed hydra (10 damage)
             ... on level 6 of the Lair of Beasts.
             The game lasted 00:52:42 (22259 turns).

wakim the Frost Mage (Deep Elf Ice Elementalist)   Turns: 22259, Time: 00:52:43

Health: 0/76       AC:  7    Str:  5    XL:     13   Next: 60%
Magic:  25/25      EV: 21    Int: 26    God:    Vehumet [****..]
Gold:   1608       SH:  0    Dex: 15    Spells: 9/26 levels left

rFire    + . .     SeeInvis .   a - +9 quick blade (spect)
rCold    . . .     Faith    .   (no shield)
rNeg     . . .     Spirit   .   q - +0 robe {rF+}
rPois    .         Reflect  .   b - +0 helmet
rElec    .         Harm     +   e - scarf {harm}
rCorr    .         Rampage  .   z - +3 pair of gauntlets of War {Slay+5}
Will     ++...                  (no boots)
Stlth    +++.......             (no amulet)
HPRegen  0.22/turn              f - +4 ring of evasion
MPRegen  0.19/turn              c - ring of willpower

@: very slightly contaminated, invisible
A: no striking features
a: Renounce Religion


You were on level 6 of the Lair of Beasts.
You worshipped Vehumet.
Vehumet was greatly pleased with you.
You visited 3 branches of the dungeon, and saw 18 of its levels.
You also visited: Ossuary.

You collected 2481 gold pieces.
You spent 873 gold pieces at shops.

Inventory:

Hand Weapons
 a - a +9 spectral quick blade (weapon)
Armour
 b - a +0 helmet (worn)
 e - a scarf of harm (worn)
 j - a +0 kite shield
 q - a +0 robe of fire resistance (worn)
 z - the +3 pair of gauntlets of War (worn) {Slay+5}
   (You acquired it on level 10 of the Dungeon)

   Slay:      It affects your accuracy & damage with ranged weapons and melee
   (+5).
Magical Staves
 d - a staff of air
Jewellery
 c - a ring of willpower (right hand)
 f - a +4 ring of evasion (left hand)
 o - a ring of ice
Wands
 t - a wand of digging (2)
 u - a wand of mindburst (13)
 v - a wand of flame (27)
 w - a wand of acid (9)
 x - a wand of iceblast (23)
 y - a wand of paralysis (9)
Scrolls
 h - 5 scrolls of amnesia
 n - 2 scrolls of enchant armour
 p - 2 scrolls of brand weapon
 r - 2 scrolls of identify
 R - 2 scrolls of magic mapping {!r}
 T - 7 scrolls of teleportation
 V - 4 scrolls of vulnerability {!r!r}
 W - 2 scrolls of holy word
 X - a scroll of fog
Potions
 A - 2 potions of ambrosia
 B - 2 potions of attraction {!q}
 C - 2 potions of berserk rage {!q}
 D - 7 potions of brilliance
 E - a potion of cancellation
 F - 11 potions of curing
 G - 7 potions of flight
 H - 2 potions of haste
 J - 4 potions of heal wounds
 L - 2 potions of lignification {!q}
 N - a potion of might
Miscellaneous
 l - a condenser vane
 m - a phantom mirror


   Skills:
 + Level 7.5 Fighting
 - Level 8.0 Short Blades
 + Level 9.8 Dodging
 - Level 4.0 Stealth
 + Level 7.7 Shields
 - Level 7.0 Spellcasting
 + Level 14.8 Ice Magic
 * Level 4.5 Air Magic
 + Level 7.0 Evocations


You had 9 spell levels left.
You knew the following spells:

 Your Spells              Type           Power      Damage    Failure   Level
a - Airstrike             Air            16%        N/A       2%          4
b - Frozen Ramparts       Ice            100%       1d12      1%          3
c - Ozocubu's Armour      Ice            72%        N/A       1%          3
d - Ozocubu's Refrigerat  Ice            36%        4d12      3%          7

Your spell library contained the following spells:

 Spells                   Type           Power      Damage    Failure   Level
 Dazzling Flash           Conj/Hex       18%        N/A       5%          3
 Freeze                   Ice            100%       1d11      0%          1
 Hailstorm                Conj/Ice       47%        3d11      1%          4
 Ice Form                 Ice/Tmut       47%        N/A       3%          4
 Summon Ice Beast         Ice/Summ       47%        N/A       3%          4
 Animate Skeleton         Necr           18%        N/A       6%          1
 Pain                     Necr           36%        1d5       6%          1
 Sublimation of Blood     Necr           4%         N/A       10%         2
 Olgreb's Toxic Radiance  Pois           9%         N/A       16%         4
 Gell's Gravitas          Tloc           4%         N/A       19%         3
 Spider Form              Tmut/Pois      4%         N/A       19%         3
 Teleport Other           Tloc           9%         N/A       19%         3
 Vampiric Draining        Necr           4%         2d6       19%         3
 Irradiate                Conj/Tmut      4%         3d14      38%         5
 Simulacrum               Ice/Necr       23%        N/A       41%         6
 Petrify                  Tmut/Erth      9%         N/A       52%         4
 Dispersal                Tloc           4%         N/A       100%        6
 Ignition                 Fire           4%         3d4       100%        8


Dungeon Overview and Level Annotations

Branches:
Dungeon (11/15)            Temple (1/1) D:7            Lair (6/6) D:8
 Shoals (0/4) Lair:3       Spider (0/4) Lair:4        Slime (0/5) Lair:5
Ossuary (visited)
    Orc: D:9-12

Altars:
Ashenzari
Cheibriados
Dithmenos
Elyvilon
Fedhas
Gozag
Hepliaklqana
Kikubaaqudgha
Makhleb
Nemelex Xobeh
Okawaru
Qazlal
Ru
Sif Muna
Trog
Uskayaw
Vehumet
Wu Jian
Xom
Yredelemnul
Zin
The Shining One
Jiyva

Shops:
D:10 [*?((

Annotations:
D:10 exclusion: obsidian statue
Lair:2 exclusion: 3 oklob plants


Message History

Things that are here:
an elephant corpse; an elephant corpse A wind drake comes into view.
You see here 2 potions of flight.
Unknown command.
G - 7 potions of flight (gained 2)
A polar bear comes into view.
The polar bear growls angrily.
The wind drake flaps its wings at you. The air twists around and strikes you!!
The seven-headed hydra completely misses you.
The seven-headed hydra bites you but does no damage.
The seven-headed hydra bites you. The seven-headed hydra bites you!
* * * LOW HITPOINT WARNING * * *
The seven-headed hydra bites you but does no damage.
The seven-headed hydra barely misses you.
The seven-headed hydra bites you.
* * * LOW HITPOINT WARNING * * *
The wind drake flaps its wings at you. The air twists around and strikes you!!
* * * LOW HITPOINT WARNING * * *
Unknown command.
Okay, then.
A polar bear comes into view.
Okay, then.
You fade into invisibility!
The seven-headed hydra bites you.
* * * LOW HITPOINT WARNING * * *
The seven-headed hydra misses you.
The seven-headed hydra closely misses you.
The seven-headed hydra barely misses you.
The seven-headed hydra completely misses you. x2
The seven-headed hydra bites you but does no damage.
You are very lightly contaminated with residual magic.
There is a stone staircase leading up, spattered with blood here.
The seven-headed hydra barely misses you.
The seven-headed hydra completely misses you.
The seven-headed hydra barely misses you.
The seven-headed hydra bites you!
You die...

.......##.......##
................h#####
#.............k...##.#
..........h.........##
#..............[†#..#
#..#......#......####
#.........##.....##
##.......#.#...D..#
#.....#....##...@##
##.P#.....#####.###
######...# ##..# #P..#
#### P....


You could see a seven-headed hydra, a wind drake (wandering, repels missiles)
and 2 polar bears.

Vanquished Creatures
  A dire elephant (Lair:5)
  4 hydras
  A merfolk avatar (Lair:6)
  A death yak (Lair:4)
  A lindwurm (Lair:5)
  A deep elf pyromancer (D:11)
  Pikel (D:5)
  A manticore (Lair:6)
  A merfolk siren (Lair:3)
  15 elephants
  4 black mambas
  11 cane toads
  Psyche (D:8)
  A rime drake (Lair:5)
  5 komodo dragons
  A kobold demonologist (D:9)
  A troll (D:10)
  A hornet (Lair:6)
  3 polar bears
  3 jumping spiders (Lair:4)
  21 blink frogs
  2 redbacks (Lair:4)
  6 wyverns
  A wraith (D:10)
  32 yaks
  2 basilisks
  A steam dragon (Lair:6)
  12 water moccasins
  An ice beast (D:5)
  4 orc warriors
  A sky beast (D:7)
  A black bear (D:6)
  12 wolves
  4 centaurs
  A necrophage (D:4)
  3 lemures (D:5)
  A kobold brigand (D:6)
  9 scorpions
  2 gnoll sergeants
  4 bullfrogs
  A water moccasin skeleton (D:4)
  13 killer bees
  14 wights
  A howler monkey (D:9)
  3 electric eels (Lair:4)
  A bullfrog zombie (D:5)
  4 centaur zombies
  A lava snake (Lair:5)
  2 hounds
  A human zombie (Ossuary)
  4 orc priests
  A gnoll shaman (D:8)
  3 jellies
  A centaur skeleton (D:3)
  Natasha (thrice) (D:2)
  4 iguanas
  Jessica (D:3)
  Terence (D:3)
  8 orc wizards
  6 scorpion zombies (Ossuary)
  6 hell rats
  A killer bee zombie (D:5)
  3 mummies (Ossuary)
  A howler monkey zombie (D:9)
  A howler monkey skeleton (D:7)
  24 gnolls
  8 adders
  2 shadow imps (D:7)
  2 white imps (D:6)
  An adder skeleton (D:5)
  A dart slug (D:4)
  19 orcs
  7 endoplasms
  2 giant cockroaches (D:1)
  3 goblins
  8 hobgoblins
  7 jackals
  3 quokkas
  9 ball pythons
  6 bats
  3 frilled lizards
  3 gnoll zombies (Ossuary)
  A goblin zombie (Ossuary)
  2 hobgoblin zombies (Ossuary)
  10 kobolds
  3 kobold zombies (Ossuary)
  2 orc zombies (Ossuary)
  6 rats
395 creatures vanquished.

Vanquished Creatures (others)
  A demonic plant (D:1)
  47 fungi
  60 plants
108 creatures vanquished.

Grand Total: 503 creatures vanquished

Notes
Turn   | Place    | Note
-------+----------+-------------------------------------------
     0 | D:1      | wakim the Deep Elf Ice Elementalist began the quest for the
                  | Orb.
     0 | D:1      | Reached XP level 1. HP: 10/10 MP: 6/6
   202 | D:1      | Reached XP level 2. HP: 15/15 MP: 5/8
   328 | D:1      | Reached skill level 5 in Ice Magic
   872 | D:1      | Found a faded altar of an unknown god.
   872 | D:1      | Noticed a Brimstone Fiend
  1306 | D:2      | Reached XP level 3. HP: 19/19 MP: 5/9
  1310 | D:2      | Learned a level 3 spell: Frozen Ramparts
  1314 | D:2      | Learned a level 3 spell: Ozocubu's Armour
  1427 | D:2      | Reached skill level 6 in Ice Magic
  1504 | D:2      | Found a basalt altar of Yredelemnul.
  1520 | D:2      | Reached XP level 4. HP: 24/24 MP: 7/10
  1672 | D:2      | Noticed Natasha
  1679 | D:2      | Killed Natasha
  1948 | D:2      | Noticed Natasha
  1956 | D:2      | Killed Natasha
  1957 | D:2      | Reached skill level 7 in Ice Magic
  1957 | D:2      | Reached XP level 5. HP: 16/28 MP: 4/11
  2288 | D:2      | Noticed Natasha
  2296 | D:2      | Killed Natasha
  2704 | D:3      | Noticed Jessica
  2710 | D:3      | Killed Jessica
  2711 | D:3      | Reached skill level 1 in Fighting
  2871 | D:3      | Reached XP level 6. HP: 32/34 MP: 5/12
  2987 | D:3      | Noticed Terence
  2997 | D:3      | Killed Terence
  4188 | D:4      | Found a broken altar of Ashenzari.
  4188 | D:4      | Found a sacrificial altar of Ru.
  4189 | D:4      | Found a sparkling altar of Nemelex Xobeh.
  4934 | D:4      | Reached skill level 5 in Dodging
  4934 | D:4      | Reached XP level 7. HP: 40/40 MP: 6/13
  5615 | D:5      | Entered Level 5 of the Dungeon
  5763 | D:5      | Found a sand-covered staircase.
  5770 | Ossuary  | Entered an ossuary
  6389 | Ossuary  | Reached skill level 1 in Short Blades
  6539 | Ossuary  | Reached XP level 8. HP: 45/48 MP: 7/14
  7620 | Ossuary  | Reached skill level 5 in Fighting
  8063 | D:5      | Noticed Pikel
  8081 | D:5      | Killed Pikel
  8082 | D:5      | Reached skill level 9 in Ice Magic
  8082 | D:5      | Reached XP level 9. HP: 38/54 MP: 9/15
  8481 | D:5      | Identified a scroll of acquirement
  8481 | D:5      | Acquired a +6 quick blade
  8979 | D:5      | Acquired 1290 gold pieces
  9290 | D:6      | Reached skill level 5 in Spellcasting
  9716 | D:6      | Identified the +7 battleaxe "Gaschomi" {flame, Int+3}
 10641 | D:7      | Found a staircase to the Ecumenical Temple.
 10647 | D:7      | Reached skill level 5 in Short Blades
 10654 | Temple   | Entered the Ecumenical Temple
 10965 | Temple   | Became a worshipper of Vehumet
 11535 | D:7      | Found an opulent altar of Gozag.
 11606 | D:8      | Reached XP level 10. HP: 38/60 MP: 17/21
 12112 | D:8      | Found a staircase to the Lair.
 12112 | D:8      | Noticed a death yak
 12112 | D:8      | Noticed a death yak
 12112 | D:8      | Noticed a death yak
 12686 | D:8      | Found a glowing golden altar of the Shining One.
 12765 | D:8      | Noticed Psyche
 12786 | D:8      | Killed Psyche
 13396 | D:9      | Reached * piety under Vehumet
 13396 | D:9      | Offered knowledge of Shock by Vehumet.
 14248 | D:9      | Got Rebijell's Grimoire of Cold and Intoxication
 14308 | D:10     | Entered Level 10 of the Dungeon
 14394 | D:10     | Found Nuedwiw's Antique Weapon Emporium.
 14413 | D:10     | Reached skill level 1 in Shields
 14413 | D:10     | Reached skill level 1 in Evocations
 14507 | D:10     | Found Zopsec's Assorted Antiques.
 14546 | D:10     | Bought a fuming yellow potion for 19 gold pieces
 14546 | D:10     | Bought a pink potion for 19 gold pieces
 14569 | D:10     | You fall into a shaft and drop 1 floor!
 14570 | D:11     | Noticed a deep elf pyromancer
 14571 | D:11     | Killed a deep elf pyromancer
 14637 | D:10     | Noticed an obsidian statue
 14685 | D:10     | Found Sulunn's Weapon Shoppe.
 14745 | D:10     | Found Getitwis's Magic Scroll Boutique.
 14927 | D:10     | Found Yseumn's Antique Armour Shop.
 14930 | D:10     | Bought a glowing robe for 107 gold pieces
 14994 | D:10     | Bought a scroll of acquirement for 728 gold pieces
 14994 | D:10     | Acquired the +3 pair of gauntlets of War {Slay+5}
 14995 | D:10     | Found the +3 pair of gauntlets of War {Slay+5}
 15103 | Lair:1   | Entered Level 1 of the Lair of Beasts
 15109 | Lair:1   | Reached XP level 11. HP: 67/67 MP: 15/22
 15253 | Lair:1   | Reached skill level 10 in Ice Magic
 15313 | Lair:1   | You fall into a shaft and drop 1 floor!
 16018 | Lair:2   | Noticed an oklob plant
 16023 | Lair:2   | Noticed an oklob plant
 16023 | Lair:2   | Noticed an oklob plant
 16220 | Lair:1   | Reached skill level 5 in Evocations
 16273 | Lair:1   | Identified the -5 helmet "Cilauxuff" {Rampage Fly rPois
                  | rC-}
 16324 | Lair:1   | Reached ** piety under Vehumet
 16329 | Lair:1   | Offered knowledge of Poisonous Vapours by Vehumet.
 16690 | Lair:1   | Reached skill level 11 in Ice Magic
 17149 | Lair:3   | Found a staircase to the Shoals.
 17169 | Lair:3   | Reached skill level 5 in Shields
 17525 | Lair:3   | Reached skill level 12 in Ice Magic
 17525 | Lair:3   | Reached XP level 12. HP: 72/72 MP: 19/23
 18092 | Lair:3   | Noticed a five-headed hydra
 18127 | Lair:3   | Offered knowledge of Mephitic Cloud by Vehumet.
 18561 | Lair:3   | Killed a five-headed hydra
 18755 | Lair:4   | Noticed a death yak
 18756 | Lair:4   | Noticed a death yak
 18757 | Lair:4   | Noticed a death yak
 18757 | Lair:4   | Noticed a death yak
 18757 | Lair:4   | Noticed a death yak
 18770 | Lair:4   | Killed a death yak
 18771 | Lair:4   | Reached skill level 13 in Ice Magic
 19502 | Lair:4   | Reached *** piety under Vehumet
 19579 | Lair:4   | Reached skill level 14 in Ice Magic
 20030 | Lair:4   | Offered knowledge of Airstrike by Vehumet.
 20067 | Lair:4   | Noticed a seven-headed hydra
 20075 | Lair:4   | Killed a seven-headed hydra
 20310 | Lair:4   | Found a hole to the Spider Nest.
 20666 | Lair:4   | Learned a level 4 spell: Airstrike
 20674 | Lair:4   | Learned a level 7 spell: Ozocubu's Refrigeration
 20759 | Lair:5   | Reached XP level 13. HP: 76/76 MP: 25/25
 20863 | Lair:5   | Found a staircase to the Slime Pits.
 20865 | Lair:5   | Found a viscous altar of Jiyva.
 20881 | Lair:5   | Reached skill level 1 in Air Magic
 21256 | Lair:5   | Reached **** piety under Vehumet
 21669 | Lair:6   | Entered Level 6 of the Lair of Beasts
 21669 | Lair:6   | Noticed a dire elephant
 21679 | Lair:5   | Killed a dire elephant
 21679 | Lair:5   | Offered knowledge of Dazzling Flash by Vehumet.
 22259 | Lair:6   | Slain by a seven-headed hydra

Illustrated notes

Levels and vault maps discovered:
D:1:      dpeg_arrival_rooms_c, layout_basic,
          dreamdust_ecumenical_altar_sealed_demon
D:2:      layout_basic, basic_altar, uniq_natasha
D:3:      layout_basic, serial_rivers, chequers_serial_rivers_micro_c,
          chequers_serial_rivers_room_a, chequers_serial_rivers_small_b,
          chequers_serial_rivers_room_b, chequers_serial_rivers_micro_c,
          chequers_serial_rivers_small_a, glass_columns_b,
          minmay_misc_feat_room, kennysheep_generic_room_9, uniq_terence,
          uniq_jessica
D:4:      layout_layer_cave, chequers_temple_overflow_statue_of_worship
D:5:      minmay_general_purpose_star, layout_cave_pools,
          chequers_ossuary_entry_cave, uniq_pikel
D:6:      layout_loops_ring, minmay_misc_feat_diagonals
D:7:      layout_loops_ring, kennysheep_mini, minmay_temple_entry_proselytizer,
          serial_park_tiny_1
D:8:      layout_cave_pools, nicolae_tso_carved_into_rock, dpeg_lair_monsters,
          uniq_psyche
D:9:      layout_loops_ring, minmay_librarian
D:10:     layout_rooms, serial_shops, kennysheep_mini_moat,
          nicolae_lakefront_shop, shop, nicolae_shop_overgrown_old_shop,
          nicolae_shop_window_shopping, minivault_16
D:11:     dragon1_lemuel, layout_rooms
Temple:   minmay_temple_bridge_d
Lair:1:   layout_layer_cave, beast_lair_carwin_2
Lair:2:   layout_gridlike, lemuel_fruit_fields, minmay_lair_oklob_chamber,
          grunt_megastairs_1, infiniplex_staircase_pool
Lair:3:   layout_chaotic_city, minmay_shoals_entry_lonely_mermaid,
          nicolae_lair_grove_arrangements, chequers_serial_rivers_micro_b,
          lemuel_fruit_tree, serial_bayou_shore_b
Lair:4:   layout_cave_pods, nicolae_spider_entry_tight_spaces,
          lemuel_fruit_fields, serial_bayou_shore_a, serial_bayou_shore_b
Lair:5:   layout_gridlike, slime_altar_1
Lair:6:   gammafunk_lair_ancient_temple, layout_misc_corridors

Skill      XL: |  1  2  3  4  5  6  7  8  9 10 11 12 13 |
---------------+----------------------------------------+-----
Ice Magic      | 5 6 7 9 12 14 | 14.8
Stealth        | 3 4 |  4.0
Fighting       | 1 2 3 5 6 7 |  7.5
Dodging        | 3 5 6 7 8 9 |  9.8
Short Blades   | 1 3 5 8 |  8.0
Spellcasting   | 6 7 |  7.0
Shields        | 2 5 7 |  7.7
Evocations     | 3 6 7 |  7.0
Air Magic      | 4 |  4.5

Action                   |  1- 3 |  4- 6 |  7- 9 | 10-12 | 13-15 || total
-------------------------+-------+-------+-------+-------+-------++-------
Melee: Unarmed           |     2 |       |       |       |       ||     2
       Short sword       |       |    30 |       |       |       ||    30
       Hand axe          |       |    29 |     2 |       |       ||    31
       Dagger            |       |       |   388 |       |       ||   388
       Quick blade       |       |       |   118 |   365 |    60 ||   543
 Cast: Freeze            |    38 |     6 |       |       |       ||    44
       Frozen Ramparts   |     2 |    33 |    36 |    65 |     9 ||   145
       Ozocubu's Armour  |     1 |    15 |    46 |    63 |     7 ||   132
       Ozocubu's Refrige |       |       |       |       |    16 ||    16
Evoke: Wand              |       |       |       |     4 |       ||     4
  Use: Scroll            |     2 |     1 |    18 |    11 |     1 ||    33
       Potion            |       |       |       |       |     1 ||     1
 Stab: Sleeping          |       |       |     3 |     3 |       ||     6
       Distracted        |       |       |       |     7 |     2 ||     9
Armor: Robe              |     5 |    24 |    86 |    37 |    10 ||   162
Dodge: Dodged            |    31 |    53 |   394 |   163 |    40 ||   681
